 Dungeon Sprint DCSS version 0.30.1-6-gbe392663c4 (webtiles) character file.

Game seed: 13035431245857998315

392 Heoruswealwe the Unseen (level 6, 0/30 HPs)
             Began as a Spriggan Hunter on Sept 20, 2023.
             Was an Initiate of Dithmenos.
             Slain by an orc warrior
             ... wielding a +0 long sword
              (12 damage)
             ... in the Dungeon (Sprint IX: "|||||||||||||||||||||||||||||").
             The game lasted 00:05:39 (280 turns).

Heoruswealwe the Unseen (Spriggan Hunter)            Turns: 280, Time: 00:05:39

Health: 0/30       AC:  3    Str:  7    XL:     6   Next: 50%
Magic:  7/7        EV: 18    Int: 11    God:    Dithmenos [......]
Gold:   0          SH:  0    Dex: 20    Spells: 5/5 levels left

rFire   . . .        a - +1 dagger (venom)
rCold   . . .        (no shield)
rNeg    . . .        c - +0 robe
rPois   .            (helmet restricted)
rElec   .            f - +0 cloak
rCorr   .            (gloves unavailable)
SInv    +            (boots unavailable)
Will    +....        (no amulet)
Stlth   ++++++++     (no ring)
HPRegen 0.25/turn    (no ring)
MPRegen 0.10/turn

%: no teleportation
@: very quick
A: very small, no large weapons, unfitting armour, see invisible, speed 3
a: Renounce Religion


You were in the Dungeon.
You worshipped Dithmenos.
Dithmenos was noncommittal.
You visited 1 branch

Inventory:

Hand Weapons
 a - a +1 dagger of venom (weapon)
 b - a +2 rapier of distortion
Armour
 c - a +0 robe (worn)
 f - a +0 cloak (worn)
Wands
 h - a wand of iceblast (10)
Scrolls
 g - a scroll of blinking
Potions
 d - 2 potions of heal wounds
 e - a potion of haste
 i - a potion of invisibility
 j - 4 potions of curing


   Skills:
 - Level 1.5 Fighting
 - Level 4.0 Ranged Weapons
 - Level 2.6 Dodging
 + Level 20.7 Stealth


You had 5 spell levels left.
You didn't know any spells.
Your spell library was empty.

Dungeon Overview and Level Annotations

Branches:
Dungeon (1/1)

Altars:
Cheibriados
Dithmenos
Elyvilon
Fedhas
Gozag
Hepliaklqana
Kikubaaqudgha
Makhleb
Nemelex Xobeh
Okawaru
Qazlal
Ru
Sif Muna
Trog
Uskayaw
Vehumet
Wu Jian
Xom
Yredelemnul
Zin
The Shining One
Jiyva
Lugonu


Innate Abilities, Weirdness & Mutations

You are very small and have problems with some larger weapons.
You are too small for most types of armour.
You have supernaturally acute eyesight. (SInv)
You cover ground extremely quickly. (Speed+++)


Message History

The kobold demonologist is moderately wounded.
The kobold demonologist misses you.
You hit the kobold demonologist.
The kobold demonologist looks as sick as possible!
The kobold demonologist is moderately wounded.
The kobold demonologist misses you.
You hit the kobold demonologist.
The kobold demonologist is heavily wounded.
The kobold demonologist mumbles some strange words.
The kobold demonologist hits you but does no damage.
You hit the kobold demonologist.
The kobold demonologist looks as sick as possible!
The kobold demonologist is severely wounded.
The kobold demonologist completely misses you.
You hit the kobold demonologist.
The kobold demonologist looks as sick as possible!
The kobold demonologist is almost dead.
You kill the kobold demonologist!
Dithmenos accepts your kill.
The orc warrior unwields a +0 long sword.
The orc warrior wields a +0 arbalest.
The orc warrior shoots a bolt.
The bolt closely misses you.
Your Stealth skill gained 5 levels and is now at level 20!
You have reached level 6!
The kobold demonologist looks encouraged for a moment.
Things that are here:
a +0 dagger; a +0 robe You hit the orc warrior.
The orc warrior is poisoned.
The orc warrior is lightly wounded.
The orc warrior unwields a +0 arbalest.
The orc warrior wields a +0 long sword.
The orc warrior hits you with a +0 long sword!
You hit the orc warrior but do no damage.
The orc warrior looks as sick as possible!
The orc warrior is lightly wounded.
The orc warrior hits you with a +0 long sword!
You hit the orc warrior but do no damage.
The orc warrior looks as sick as possible!
The orc warrior is moderately wounded.
The orc warrior hits you with a +0 long sword!
You die...

▓)▓
▓.▓
▓.▓
▓[▓
▓[▓
▓=▓
▓=▓
▓'▓
▓@▓
▓o▓
▓y▓
▓K▓
▓K▓
▓y▓
▓+▓


You could see a kobold demonologist, an orc warrior (extremely poisoned), a
vampire mosquito, a kobold brigand and a killer bee.

Vanquished Creatures
  A kobold demonologist (D)
  A scorpion (D)
  A hound (D)
  A gnoll bouda (D)
  An iguana (D)
  A gnoll (D)
  A dart slug (D)
  An orc (D)
  2 bats (D)
  A quokka (D)
11 creatures vanquished.

Notes
Turn   | Place    | Note
-------+----------+-------------------------------------------
     0 | D        | Heoruswealwe the Spriggan Hunter began the quest for the
                  | Orb.
     0 | D        | Reached XP level 1. HP: 10/10 MP: 2/2
    12 | D        | Reached skill level 3 in Stealth
    13 | D        | Reached skill level 4 in Stealth
    14 | D        | Reached skill level 5 in Stealth
    19 | D        | Reached skill level 7 in Stealth
    19 | D        | Reached XP level 2. HP: 6/14 MP: 3/3
    61 | D        | Noticed a scorpion
    75 | D        | Reached skill level 10 in Stealth
    75 | D        | Reached XP level 3. HP: 13/18 MP: 4/4
    81 | D        | Killed a scorpion
    82 | D        | Reached skill level 13 in Stealth
    82 | D        | Reached XP level 4. HP: 6/22 MP: 5/5
    85 | D        | Reached skill level 14 in Stealth
   113 | D        | Reached skill level 15 in Stealth
   113 | D        | Reached XP level 5. HP: 4/25 MP: 6/6
   212 | D        | Found a snail-covered altar of Cheibriados.
   212 | D        | Found a shadowy altar of Dithmenos.
   212 | D        | Found a white marble altar of Elyvilon.
   212 | D        | Found a blossoming altar of Fedhas.
   212 | D        | Found an opulent altar of Gozag.
   213 | D        | Found a hazy altar of Hepliaklqana.
   214 | D        | Found a viscous altar of Jiyva.
   215 | D        | Found an ancient bone altar of Kikubaaqudgha.
   216 | D        | Found a corrupted altar of Lugonu.
   217 | D        | Found a burning altar of Makhleb.
   219 | D        | Became a worshipper of Dithmenos the Shadowed
   221 | D        | Found a sparkling altar of Nemelex Xobeh.
   222 | D        | Found an iron altar of Okawaru.
   223 | D        | Found a stormy altar of Qazlal.
   224 | D        | Found a sacrificial altar of Ru.
   225 | D        | Found a shimmering blue altar of Sif Muna.
   226 | D        | Found a bloodstained altar of Trog.
   227 | D        | Found a hide-covered altar of Uskayaw.
   228 | D        | Found a radiant altar of Vehumet.
   229 | D        | Found an ornate altar of the Wu Jian Council.
   230 | D        | Found a shimmering altar of Xom.
   231 | D        | Found a basalt altar of Yredelemnul.
   232 | D        | Found a glowing silver altar of Zin.
   233 | D        | Found a glowing golden altar of the Shining One.
   266 | D        | Noticed a kobold demonologist
   266 | D        | Noticed an orc warrior
   266 | D        | Noticed a vampire mosquito
   266 | D        | Noticed a kobold demonologist
   276 | D        | Killed a kobold demonologist
   277 | D        | Reached skill level 20 in Stealth
   277 | D        | Reached XP level 6. HP: 27/30 MP: 7/7
   280 | D        | Slain by an orc warrior

Illustrated notes

Levels and vault maps discovered:
D:        linesprint [early_d, line_temple, items_1, d_10, items_2, lair_1,
          lair_end, items_3, orc_1, orc_end, items_4, d_15, swamp_1, shoals_1,
          snake_1, spider_1, d_20, vaults_1, items_5, swamp_end, shoals_end,
          snake_end, spider_end, vaults_end, d_27, items_6, zot_1, zot_end,
          crypt_end, forest_end, elf_end, slime_end, tomb_end, abyss_end,
          pan_hell_end]

Skill      XL: |  1  2  3  4  5 |
---------------+----------------+-----
Stealth        | 7 10 13 15 20 | 20.7
Fighting       | |  1.5
Ranged Weapons | |  4.0
Dodging        | |  2.6

Action                     |  1- 3 |  4- 6 || total
---------------------------+-------+-------++-------
  Melee: Dagger            |       |    12 ||    12
   Fire: Shortbow          |    27 |    17 ||    44
    Use: Potion            |     1 |     1 ||     2
         Scroll            |       |     1 ||     1
 Armour: Robe              |     1 |     3 ||     4
  Dodge: Dodged            |    24 |    23 ||    47
